 Dungeon Crawl Stone Soup version 0.23.2-33-g5129a83 (webtiles) character file.

Game seed: 921185407687508864

105 Dharzhak the Skirmisher (level 4, -7/42 HPs)
             Began as a Minotaur Abyssal Knight on July 20, 2019.
             Was a Follower of Lugonu.
             Mangled by an orc wizard
             ... wielding a +2 dagger of electrocution
              (10 damage)
             ... on level 2 of the Dungeon.
             The game lasted 00:05:58 (1863 turns).

Dharzhak the Skirmisher (Minotaur Abyssal Knight)   Turns: 1863, Time: 00:05:58

Health: -7/42      AC: 10    Str: 22    XL:     4   Next: 53%
Magic:  4/4        EV:  8    Int:  9    God:    Lugonu [*.....]
Gold:   118        SH:  0    Dex: 10    Spells: 3/3 levels left

rFire    . . .     SeeInvis .   a - +1 falchion
rCold    . . .     Gourm    .   (no shield)
rNeg     . . .     Faith    .   p - +0 chain mail
rPois    .         Spirit   .   b - +1 hat
rElec    .         Reflect  .   (no cloak)
rCorr    .         Harm     .   (no gloves)
MR       .....                  (no boots)
Stlth    ..........             (no amulet)
HPRegen  0.14/turn              (no ring)
MPRegen  0.09/turn              (no ring)

@: mighty
A: retaliatory headbutt, horns 2
a: Depart the Abyss, Renounce Religion


You were on level 2 of the Dungeon.
You worshipped Lugonu.
Lugonu was aware of your devotion.
You were not hungry.

You visited 1 branch of the dungeon, and saw 2 of its levels.
You visited the Abyss 1 time.

You collected 118 gold pieces.

Inventory:

Hand Weapons
 a - a +1 falchion (weapon)
Missiles
 h - 2 javelins (quivered)
Armour
 b - a +1 hat (worn)
 p - a +0 chain mail (worn)
Scrolls
 e - a scroll of random uselessness {unknown}
 f - a scroll of fog {unknown}
 i - 2 scrolls of fear {unknown}
 j - 2 scrolls of amnesia {unknown}
 l - a scroll of enchant weapon {unknown}
 m - a scroll of identify {unknown}
Potions
 d - a potion of might
 g - 2 potions of resistance {unknown}
 k - a potion of degeneration {unknown}
 n - a potion of agility {unknown}
 q - a potion of ambrosia {unknown}
 r - a potion of magic {unknown}
Comestibles
 c - 4 rations
 o - 3 chunks of flesh


   Skills:
 * Level 5.2 Fighting
 * Level 3.3 Long Blades
 + Level 0.2 Throwing
 * Level 3.2 Armour
 * Level 1.3 Dodging
 * Level 2.2 Invocations


You had 3 spell levels left.
You didn't know any spells.
Your spell library was empty.

Dungeon Overview and Level Annotations

Branches:
Dungeon (2/15)

Altars:
Ru


Innate Abilities, Weirdness & Mutations

You reflexively headbutt those who attack you in melee.
You have a pair of horns on your head.


Message History

The orc wizard is lightly wounded.
The orc wizard hits you with a +2 dagger of electrocution.
You hit the orc wizard.
The orc wizard is moderately wounded.
The orc wizard hits you but does no damage.
You miss the orc wizard.
The orc wizard is moderately wounded.
The orc wizard hits you but does no damage. x2
You are electrocuted!!
* * * LOW HITPOINT WARNING * * *
You hit the orc wizard.
The orc wizard is severely wounded.
The orc wizard hits you but does no damage.
You are electrocuted!
* * * LOW HITPOINT WARNING * * *
It was a potion of might.
You feel very mighty all of a sudden.
The orc wizard hits you but does no damage.
You are electrocuted!
You die...

....รท.....####.#.##.#....<..#.#.#
.######...#####.#...#........#..#
.###...#.###......###......(###.#
.........# #.####...#......#.#.##
####...### #.######.#.###.###>.##
# ##..# #..>............#..).. #
#..# #...##########........ #
###..# #....#### ###.###.### #
#....#####....@..# ... #.#
###.............o### ##+.###.#
#...............#g #..##.#
........######..#.( #...#.#
........# #.##.(. #.....#
.......## #.# ##._ #.....#
###...## #.# ... #....## # #####
#. #(. #...## # #..##


You could see an orc wizard (mute) and a goblin.

Vanquished Creatures
  6 adders (D:2)
  2 dart slugs (D:1)
  A giant cockroach (D:2)
  5 goblins
  8 hobgoblins (D:1)
  3 jackals (D:2)
  9 bats
  6 kobolds
  9 rats
49 creatures vanquished.

Notes
Turn   | Place    | Note
-------+----------+-------------------------------------------
     0 | Abyss:1  | Dharzhak the Minotaur Abyssal Knight began the quest for
                  | the Orb.
     0 | Abyss:1  | Reached XP level 1. HP: 19/19 MP: 1/1
    94 | Abyss:1  | Noticed a small abomination
   106 | Abyss:1  | Noticed a small abomination
   123 | D:1      | Escaped the Abyss
   179 | D:1      | Reached skill level 4 in Fighting
   309 | D:1      | Reached XP level 2. HP: 25/27 MP: 2/2
   640 | D:1      | Reached * piety under Lugonu
  1063 | D:1      | Reached XP level 3. HP: 34/35 MP: 3/3
  1531 | D:2      | Reached skill level 5 in Fighting
  1569 | D:2      | Reached XP level 4. HP: 41/42 MP: 4/4
  1851 | D:2      | Found a sacrificial altar of Ru.
  1863 | D:2      | Mangled by an orc wizard

Skill      XL: |  1  2  3 |
---------------+----------+-----
Fighting       | 4 5 |  5.2
Invocations    | 2 |  2.2
Armour         | 3 |  3.2
Long Blades    | 3 |  3.3
Throwing       | |  0.2
Dodging        | |  1.3

Action                   |  1- 3 |  4- 6 || total
-------------------------+-------+-------++-------
Melee: Falchion          |    66 |    22 ||    88
       Headbutt          |    14 |     3 ||    17
Throw: Javelin           |    12 |     5 ||    17
Invok: Depart the Abyss  |     1 |       ||     1
  Use: Potion            |       |     1 ||     1
  Eat: Chunk             |     2 |     1 ||     3
Armor: Leather armour    |     3 |       ||     3
       Scale mail        |    36 |     1 ||    37
       Chain mail        |       |    13 ||    13
Dodge: Dodged            |    47 |     7 ||    54
       Rpst.: Falchion   |    11 |       ||    11
